 Dungeon Crawl Stone Soup version 0.27.0-1-g7a089689b8 (webtiles) character file.

Game seed: 14607121362401195010

616 Malachi the Cudgeller (level 7, 0/57 HPs)
             Began as a Palentonga Fighter on Aug 15, 2021.
             Slain by an orc (5 damage)
             ... on level 5 of the Dungeon.
             The game lasted 00:07:04 (4099 turns).

Malachi the Cudgeller (Palentonga Fighter)          Turns: 4099, Time: 00:07:04

Health: 0/57       AC: 23    Str: 25    XL:     7   Next: 21%
Magic:  7/7        EV:  5    Int:  7    God:
Gold:   154        SH:  9    Dex:  9    Spells: 6/6 levels left

rFire    . . .     SeeInvis +   a - +1 flail
rCold    . . .     Faith    .   c - +0 kite shield
rNeg     . . .     Spirit   .   t - +3 leather armour "Wobruelu" {rElec Will+ Str+4 Int-2}
rPois    .         Reflect  .   b - +0 hat
rElec    +         Harm     .   (no cloak)
rCorr    .         Rampage  .   k - +1 pair of gloves
Will     +....                  o - +2 barding
Stlth    +.........             (no amulet)
HPRegen  0.19/turn              (no ring)
MPRegen  0.10/turn              (no ring)

@: mighty, curled up
A: large, rugged brown scales 3, see invisible, deformed body, roll 1, armoured
tail, reflexive curl
a: Rolling Charge


You were on level 5 of the Dungeon.
You visited 1 branch of the dungeon, and saw 5 of its levels.

You collected 154 gold pieces.

Inventory:

Hand Weapons
 a - a +1 flail (weapon)
 m - a +2 dagger of venom
Missiles
 e - 24 poisoned darts
Armour
 b - a +0 hat (worn)
 c - a +0 kite shield (worn)
 k - a +1 pair of gloves (worn)
 o - a +2 barding (worn)
 t - the +3 leather armour "Wobruelu" (worn) {rElec Will+ Str+4 Int-2}
   (You found it on level 4 of the Dungeon)

   Str:       It affects your strength (+4).
   Int:       It affects your intelligence (-2).
   rElec:     It insulates you from electricity.
   Will:      It increases your willpower.
Jewellery
 l - a +6 ring of strength
Wands
 h - a wand of flame (14)
Scrolls
 f - 3 scrolls of identify
 q - a scroll of torment {unknown}
 r - a scroll of blinking
 s - a scroll of teleportation {unknown}
Potions
 d - a potion of might
 g - a potion of flight
 n - a potion of brilliance {unknown}
 p - 2 potions of curing {unknown}


   Skills:
 + Level 4.1 Fighting
 + Level 4.7 Maces & Flails
 + Level 3.6 Armour
 + Level 1.6 Dodging
 + Level 0.1 Stealth
 + Level 4.0 Shields
 + Level 0.2 Evocations


You had 6 spell levels left.
You didn't know any spells.
Your spell library contained the following spells:

 Spells                   Type           Power      Damage    Failure   Level
 Frozen Ramparts          Ice            0%         1d2       99%         3
 Tukima's Dance           Hex            0%         N/A       99%         3
 Ice Form                 Ice/Tmut       0%         N/A       100%        4
 Passage of Golubria      Tloc           N/A        N/A       100%        4
 Summon Ice Beast         Ice/Summ       0%         N/A       100%        4
 Yara's Violent Unravell  Hex/Tmut       0%         3d3       100%        5


Dungeon Overview and Level Annotations

Branches:
Dungeon (5/15)
 Temple: D:4-7

Altars:
Ashenzari

Shops:
D:4 ([


Innate Abilities, Weirdness & Mutations

You are completely covered in rugged brown scales. (AC +3, +7% HP)
You have supernaturally acute eyesight. (SInv)
Armour fits poorly on your strangely shaped body.
You can roll at nearby foes to attack.
You have a long armoured tail.
You curl defensively after being hit.


Message History

Aiming: Throw Flame
Press: ? - help, Shift-Dir - straight line, f/p - orc priest
Aim: an orc priest, wielding a +0 whip and wearing a +0 leather armour (lightly wounded, 68% to hit)
The puff of flame misses the orc priest.
The orc priest looks satisfied for a moment.
The orc hits you but does no damage.
There are monsters nearby!
You hit the orc priest but do no damage.
You tail-slap the orc priest.
The orc priest is heavily wounded.
The orc priest calls down the wrath of Beogh upon you.
Beogh smites you!
* * * LOW HITPOINT WARNING * * *
You block the orc's attack. The orc priest completely misses you.
The orc barely misses you. The orc hits you but does no damage.
You barely miss the orc priest.
Your tail-slap misses the orc priest.
The orc priest is heavily wounded.
The orc priest hits you but does no damage.
You closely miss the orc priest. You tail-slap the orc priest.
The orc priest is severely wounded.
The orc closely misses you.
The orc priest calls down the wrath of Beogh upon you.
Beogh smites you!
* * * LOW HITPOINT WARNING * * *
The orc hits you but does no damage.
Okay, then.
You feel very mighty all of a sudden.
The orc priest calls down the wrath of Beogh upon you.
You resist with some effort. The orc hits you but does no damage.
You barely miss the orc priest.
The orc priest is severely wounded.
You block the orc priest's attack. You block the orc's attack.
You thump the orc priest!
You kill the orc priest!
Your Shields skill increases to level 4!
You barely miss the orc. You tail-slap the orc!
You kill the orc!
The orc hits you with a +0 mace.
You die...

$ ......## #........
.. #.#..#..#..#
#.#..#..#(.#
#..........#
###....##.#..#
#............#
..######.#.........#
.........##.#@<#.#
...####.....)o.#
.....>...##)##.#
............#..#
...............##
.........##.....#
..######.......## .
######.## ##.##


You could see an orc.

Vanquished Creatures
  Edmund (D:5)
  A black bear (D:4)
  A necrophage (D:4)
  A scorpion (D:4)
  An orc priest (D:5)
  Ijyb (D:3)
  An iguana (D:4)
  5 gnolls
  4 adders
  4 worms
  A dart slug (D:3)
  3 orcs
  3 bats
  6 endoplasms
  4 giant cockroaches
  10 hobgoblins
  3 jackals (D:2)
  4 quokkas
  7 ball pythons
  2 frilled lizards (D:2)
  13 goblins
  9 kobolds
  5 rats
90 creatures vanquished.

Notes
Turn   | Place    | Note
-------+----------+-------------------------------------------
     0 | D:1      | Malachi the Palentonga Fighter began the quest for the Orb.
     0 | D:1      | Reached XP level 1. HP: 19/19 MP: 1/1
    64 | D:1      | Reached XP level 2. HP: 18/25 MP: 2/2
   696 | D:1      | Reached XP level 3. HP: 30/31 MP: 3/3
   841 | D:2      | Found a broken altar of Ashenzari.
  1317 | D:2      | Reached XP level 4. HP: 30/37 MP: 4/4
  1480 | D:3      | Noticed Ijyb
  1497 | D:3      | Killed Ijyb
  1919 | D:3      | Reached XP level 5. HP: 40/43 MP: 5/5
  1991 | D:3      | You fall into a shaft and drop 1 floor!
  2342 | D:4      | Found Feuhufus's Antique Weapon Boutique.
  2427 | D:3      | Found a faded altar of an unknown god.
  2800 | D:4      | Found Cifae's Armour Shop.
  2976 | D:4      | Noticed a black bear
  2986 | D:4      | Killed a black bear
  2987 | D:4      | Reached XP level 6. HP: 38/51 MP: 6/6
  3084 | D:4      | Identified the +3 leather armour "Wobruelu" {rElec Will+
                  | Str+4 Int-2}
  3247 | D:5      | Entered Level 5 of the Dungeon
  3886 | D:5      | Noticed Edmund
  3895 | D:5      | Killed Edmund
  3896 | D:5      | Reached skill level 1 in Dodging
  3918 | D:4      | Gained mutation: You curl defensively after being hit.
                  | [Palentonga growth]
  3918 | D:4      | Reached XP level 7. HP: 38/57 MP: 7/7
  4099 | D:5      | Slain by an orc

Illustrated notes

Levels and vault maps discovered:
D:1:      eino_arrival_tree_alley, layout_loops_ring
D:2:      kennysheep_the_goblin_king, layout_rooms, basic_altar
D:3:      layout_rooms, basic_ecumenical_altar, item_on_display_a, uniq_ijyb
D:4:      layout_gridville, serial_shops, nicolae_shop_waterfront, shop
D:5:      layout_loops_cross, amcnicky_mini_pool_small, uniq_edmund,
          uniq_sigmund

Skill      XL: |  1  2  3  4  5  6  7 |
---------------+----------------------+-----
Shields        | 3 4 |  4.0
Maces & Flails | 3 4 |  4.7
Armour         | 3 |  3.6
Fighting       | 4 |  4.1
Dodging        | 1 |  1.6
Stealth        | |  0.1
Evocations     | |  0.2

Action                   |  1- 3 |  4- 6 |  7- 9 || total
-------------------------+-------+-------+-------++-------
Melee: Flail             |   104 |   147 |    16 ||   267
       Tailslap          |     9 |    18 |     5 ||    32
Evoke: Wand              |       |     7 |     2 ||     9
  Use: Scroll            |       |     8 |       ||     8
       Potion            |       |       |     2 ||     2
Armor: Scale mail        |    59 |    52 |       ||   111
       Leather armour    |       |    25 |    11 ||    36
Dodge: Dodged            |    24 |    46 |     7 ||    77
Block: Kite shield       |    49 |    88 |    12 ||   149
